 Dungeon Crawl Stone Soup version 0.31.0-9-g3a7656b989 (webtiles) character file.

Game seed: 13927157755673047405

618260 EnegeticOcto the Formicid Porcupine (level 27, -1/235 HPs)
             Began as a Formicid Shapeshifter on Jan 31, 2024.
             Was the Champion of the Shining One.
             Slain by an electric golem (2 damage)
             ... on level 5 of the Realm of Zot on Feb 1, 2024.
             The game lasted 01:35:34 (65978 turns).

EnegeticOcto the Formicid Porcupine (FoSh)         Turns: 65978, Time: 01:35:35

Health: -1/235     AC: 45    Str: 34    XL:     27
Magic:  0/36       EV: 14    Int:  7    God:    the Shining One [******]
Gold:   8504       SH:  0    Dex: 13    Spells: 26/26 levels left

rFire   + + +        l - +5 Lochaber axe {reach-cleave, Poleaxe ^Drain}
rCold   + + +        h - +2 shield of Resistance {rF++ rC++ Will++}
rNeg    + + +        F - +10 storm dragon scales {Bai Suzhen}
rPois   +            (helmet unavailable)
rElec   +            y - +2 cloak {rPois}
rCorr   +            e - +2 pair of gloves {Str+3}
SInv    +            I - +2 pair of boots
Will    +++++        x - amulet of Tigguim {Spirit Harm rCorr MP+9 Int-3} Stlth
                     n - +4 ring of protection
HPRegen 0.59/turn    z - +4 ring of protection
MPRegen 0.25/turn

%: harm (+30% outgoing, +20% incoming), guardian spirit
@: confused, mighty, divinely shielded, resistant, ambrosia-drunk, glowing,
studying 2 skills
A: permanent stasis, dig shafts and tunnels, antennae 3, four strong arms,
deformed body, dopey 1, low MP 3, strong-willed 1, screaming 1, no potion heal 1
}: 3/15 runes: barnacled, silver, gossamer
a: Dig, Shaft Self, Renounce Religion, Divine Shield, Cleansing Flame, Summon
Divine Warrior, Brand Weapon With Holy Wrath


You were on level 5 of the Realm of Zot.
You worshipped the Shining One.
The Shining One was exalted by your worship.
You visited 11 branches of the dungeon, and saw 51 of its levels.
You visited 1 ziggurat, and saw 5 of its levels.
You also visited: Trove, Ice Cave, Volcano, Wizlab and Desolation.

You collected 11732 gold pieces.
You spent 3228 gold pieces at shops.

Inventory:

Hand Weapons
 l - the +5 Lochaber axe (weapon) {reach-cleave, Poleaxe ^Drain}
   (You found it on level 4 of the Spider Nest)

   Poleaxe:   It uses either Axes or Polearms skill, whichever is higher.
   ^Drain:    It drains your maximum health when unequipped.
 t - a +9 spectral bardiche
   (You took it off an orc warlord on level 2 of the Orcish Mines)
 G - the +5 scythe "Finisher" {speed, execute}
   (You found it on level 5 of the Vaults)
Missiles
 v - 4 curare-tipped darts (quivered)
 T - 11 throwing nets {!f}
Armour
 b - a scarf of harm
   (You found it on level 13 of the Dungeon)
 e - a +2 pair of gloves of strength (worn)
   (You bought it in a shop on level 3 of the Vaults)
 h - the +2 shield of Resistance (worn) {rF++ rC++ Will++}
   (You bought it in a shop on level 2 of the Orcish Mines)

   rF++:      It greatly protects you from fire.
   rC++:      It greatly protects you from cold.
   Will++:    It greatly increases your willpower.
 y - a +2 cloak of poison resistance (worn)
   (You bought it in a shop on level 5 of the Vaults)
 F - +10 storm dragon scales (worn) {Bai Suzhen}
   (You found it on level 3 of the Shoals)
 I - a +2 pair of boots (worn)
   (You found it on level 8 of the Dungeon)
Jewellery
 a - a ring of flight
   (You found it on level 4 of the Spider Nest)
 n - a +4 ring of protection (left hand)
   (You found it on level 2 of the Dungeon)
 x - the amulet of Tigguim (around neck) {Spirit Harm rCorr MP+9 Int-3}
   (You found it in the Desolation of Salt)

   [amulet of guardian spirit]

   Spirit:    It causes incoming damage to be divided between your reserves of
   health and magic.
   Int-3:     It affects your intelligence (-3).
   MP+9:      It affects your magic capacity (+9).
   rCorr:     It protects you from acid and corrosion.
   Harm:      It increases damage dealt and taken.
 z - a +4 ring of protection (right hand)
   (You found it on level 10 of the Dungeon)
 D - the ring of Desertification {rPois rF- rN+ Int+2 SInv}
   (You found it on level 5 of the Dungeon)

   [ring of see invisible]

   Int+2:     It affects your intelligence (+2).
   rF-:       It makes you vulnerable to fire.
   rPois:     It protects you from poison rN+: It protects you from negative
   energy.
   SInv:      It lets you see invisible.
 J - an amulet of regeneration
   (You bought it in a shop on level 2 of the Dungeon)
Wands
 g - a wand of mindburst (33)
   (You found it on level 14 of the Dungeon)
 m - a wand of flame (127) {@v4}
   (You found it on level 2 of the Dungeon)
 C - a wand of iceblast (57) {@v2}
   (You took it off Maurice on level 7 of the Dungeon)
 O - a wand of digging (27) {@v3}
   (You found it on level 12 of the Dungeon)
 U - a wand of charming (53)
   (You found it on level 3 of the Lair of Beasts)
 X - a wand of polymorph (11)
   (You found it on level 7 of the Dungeon)
 Y - a wand of acid (32) {@v1}
   (You found it on level 11 of the Dungeon)
Scrolls
 d - 7 scrolls of fear {!r}
 i - 3 scrolls of revelation {@r5 !r}
 k - 6 scrolls of fog {!r}
 s - 5 scrolls of vulnerability
 A - 6 scrolls of immolation
 H - 8 scrolls of poison {!r}
 K - 3 scrolls of silence {!r}
Potions
 c - 9 potions of brilliance
 f - 6 potions of mutation
 j - 4 potions of cancellation
 o - 6 potions of ambrosia
 p - 5 potions of enlightenment
 q - 2 potions of might {@q3 !q}
 r - 26 potions of curing {@q1 !q}
 u - 6 potions of resistance
 B - 7 potions of attraction
 P - 13 potions of lignification {@q6}
Miscellaneous
 w - a condenser vane
   (You found it on level 5 of the Vaults)
 E - a phial of floods
   (You found it on level 5 of the Vaults)
 M - a box of beasts
   (You found it on level 15 of the Dungeon)
 V - a lightning rod (4/4)
   (You found it on level 5 of the Lair of Beasts)
 W - a phantom mirror
   (You found it on level 5 of the Lair of Beasts)


   Skills:
 + Level 23.3 Fighting
 O Level 27 Polearms
 - Level 2.0(18.1) Staves
 + Level 23.3 Armour
 - Level 10.0 Dodging
 + Level 24.5 Shields
 - Level 3.0 Unarmed Combat
 + Level 23.9 Invocations
 - Level 10.0 Evocations
 - Level 3.2 Shapeshifting


You had 26 spell levels left.
You didn't know any spells.
Your spell library contained the following spells:

 Spells                   Type           Power      Damage    Failure   Level
 Apportation              Tloc           0%         N/A       71%         1
 Foxfire                  Conj/Fire      0%         2x1d4     71%         1
 Kiss of Death            Conj/Necr      0%         2d5       71%         1
 Magic Dart               Conj           0%         1d3       71%         1
 Sandblast                Erth           0%         2d4       71%         1
 Slow                     Hex            0%         N/A       71%         1
 Sting                    Conj/Alch      0%         1d3       71%         1
 Cigotuvi's Dreadful Rot  Necr/Alch/Air  0%         N/A       83%         2
 Ensorcelled Hibernation  Hex/Ice        0%         N/A       83%         2
 Jinxbite                 Hex            0%         N/A       83%         2
 Lesser Beckoning         Tloc           0%         N/A       83%         2
 Mercury Vapours          Alch/Air       0%         N/A       83%         2
 Momentum Strike          Conj/Tloc      0%         3d8       83%         2
 Scorch                   Fire           0%         2d5       83%         2
 Searing Ray              Conj           0%         2d4       83%         2
 Static Discharge         Conj/Air       0%         3-3/arc   83%         2
 Call Canine Familiar     Summ           0%         N/A       97%         3
 Confusing Touch          Hex            0%         N/A       97%         3
 Dazzling Flash           Conj/Hex       0%         N/A       97%         3
 Fugue of the Fallen      Necr           0%         N/A       97%         3
 Gell's Gravitas          Tloc           0%         N/A       97%         3
 Hailstorm                Conj/Ice       0%         3d5       97%         3
 Inner Flame              Hex/Fire       0%         N/A       97%         3
 Mephitic Cloud           Conj/Alch/Air  0%         N/A       97%         3
 Ozocubu's Armour         Ice            0%         N/A       97%         3
 Passwall                 Erth           0%         N/A       97%         3
 Sigil of Binding         Hex            0%         N/A       97%         3
 Stone Arrow              Conj/Erth      0%         3d7       97%         3
 Summon Ice Beast         Ice/Summ       0%         N/A       97%         3
 Teleport Other           Tloc           0%         N/A       97%         3
 Tukima's Dance           Hex            0%         N/A       97%         3
 Vampiric Draining        Necr           0%         2d6       97%         3
 Volatile Blastmotes      Fire/Tloc      0%         2d10      97%         3
 Anguish                  Hex/Necr       0%         N/A       100%        4
 Animate Armour           Summ/Erth      0%         N/A       100%        4
 Brom's Barrelling Bould  Conj/Erth      0%         2d3       100%        4
 Dimensional Bullseye     Hex/Tloc       0%         N/A       100%        4
 Dispel Undead            Necr           0%         3d6       100%        4
 Flame Wave               Conj/Fire      0%         2d4       100%        4
 Fulminant Prism          Conj/Alch      0%         3d5       100%        4
 Ignite Poison            Fire/Alch      0%         N/A       100%        4
 Iskenderun's Mystic Bla  Conj/Tloc      0%         2d3       100%        4
 Manifold Assault         Tloc           0%         N/A       100%        4
 Olgreb's Toxic Radiance  Alch           0%         N/A       100%        4
 Passage of Golubria      Tloc           0%         N/A       100%        4
 Sticky Flame             Fire/Alch      0%         2d4       100%        4
 Summon Blazeheart Golem  Fire/Summ      0%         N/A       100%        4
 Summon Lightning Spire   Summ/Air       0%         N/A       100%        4
 Alistair's Intoxication  Alch           0%         N/A       100%        5
 Arcjolt                  Conj/Air       0%         1d10      100%        5
 Borgnjor's Vile Clutch   Necr/Erth      0%         N/A       100%        5
 Curse of Agony           Necr           0%         N/A       100%        5
 Fireball                 Conj/Fire      0%         3d3       100%        5
 Freezing Cloud           Conj/Ice/Air   0%         6-21      100%        5
 Irradiate                Conj/Alch      0%         3d11      100%        5
 Lee's Rapid Deconstruct  Erth           0%         3d4*      100%        5
 Metabolic Englaciation   Hex/Ice        0%         N/A       100%        5
 Silence                  Hex/Air        0%         N/A       100%        5
 Summon Mana Viper        Hex/Summ       0%         N/A       100%        5
 Yara's Violent Unravell  Hex/Alch       0%         3d3       100%        5
 Conjure Ball Lightning   Conj/Air       0%         3x3d6     100%        6
 Dispersal                Tloc           0%         N/A       100%        6
 Eringya's Noxious Bog    Alch           0%         4d6       100%        6
 Plasma Beam              Fire/Air       0%         2x1d10    100%        6
 Sculpt Simulacrum        Ice/Alch       0%         N/A       100%        6
 Starburst                Conj/Fire      0%         6d3       100%        6
 Summon Cactus Giant      Summ           0%         N/A       100%        6
 Enfeeble                 Hex            0%         N/A       100%        7
 Orb of Destruction       Conj           0%         9d5       100%        7
 Ozocubu's Refrigeration  Ice            0%         4d7       100%        7
 Spellforged Servitor     Conj/Summ      0%         N/A       100%        7
 Discord                  Hex            0%         N/A       100%        8
 Disjunction              Tloc           0%         N/A       100%        8
 Ignition                 Fire           0%         3d3       100%        8
 Lehudib's Crystal Spear  Conj/Erth      0%         10d2      100%        8
 Maxwell's Capacitive Co  Air            0%         ∞         100%        8
 Chain Lightning          Conj/Air       0%         N/A       100%        9
 Polar Vortex             Ice            0%         N/A       100%        9
 Blink                    Tloc           Unusable   N/A       N/A         2
 Vhi's Electric Charge    Tloc/Air       Unusable   N/A       N/A         4

Dungeon Overview and Level Annotations

Branches:
Dungeon (15/15) Zot: 23874  Temple (1/1) D:6 Zot: 5987    Lair (5/5) D:9 Zot: 23261
 Shoals (4/4) Lair:3 Zot: 19697  Spider (4/4) Lair:2 Zot: 18579   Slime (0/5) Lair:5
    Orc (2/2) D:12 Zot: 9827     Elf (3/3) Orc:2 Zot: 12988  Vaults (5/5) D:13 Zot: 22194
  Crypt (3/3) Vaults:3 Zot: 14595    Tomb (0/3) Crypt:3      Depths (4/4) D:15 Zot: 19823
    Zot (5/5) Depths:4 Zot: 25409   IceCv (visited)         Volcano (visited)
 WizLab (visited)         Desolation (visited)

Altars:
Ashenzari
Cheibriados
Dithmenos
Elyvilon
Fedhas
Gozag
Hepliaklqana
Kikubaaqudgha
Makhleb
Nemelex Xobeh
Okawaru
Qazlal
Ru
Sif Muna
Trog
Uskayaw
Vehumet
Wu Jian
Xom
Yredelemnul
Zin
The Shining One
Jiyva
Lugonu

Shops:
D:2 =   D:3 !   D:11 [   Orc:2 (=(*!   Elf:1 **   Elf:3 (   Shoals:4 [(
Vaults:1 (   Vaults:3 ![[?[   Vaults:5 [   Depths:1 *

Portals:
Hell: Depths:1 Depths:2 Depths:3 Depths:4
Abyss: Depths:2 Depths:3
Pandemonium: Depths:2

Annotations:
D:14 4 transporters
Lair:5 exclusion: obsidian statue
Elf:1 3 runed translucent doors, exclusion: obsidian statue, Mandevil's ghost, adept AtCj
Depths:1 exclusion: downstairs
Depths:3 exclusion: upstairs
Zot:1 exclusion: door


Innate Abilities, Weirdness & Mutations

You cannot be hasted, slowed, berserked, paralysed or teleported.
You can dig through walls and to a lower floor.
You have a pair of large antennae on your head. (SInv)
Your four strong arms can wield two-handed weapons with a shield.
Armour fits poorly on your strangely shaped body.
You are dopey. (Int -2)
Your magical capacity is extremely low. (-30% MP)
You are strong-willed. (Will+)
You occasionally shout uncontrollably at your foes.
Potions are less effective at restoring your health.


Message History

You feel less invigorated.
You feel less confused.
You are confused.
Your system partially rejects the healing.
You feel invigorated.
A shadow dragon comes into view.
The orb of fire glows deep purple.
The bolt of fire hits you! You resist.
* * * LOW HITPOINT WARNING * * *
The orb of fire emits a lurid red light.
The bolt of fire hits you. You resist.
* * * LOW HITPOINT WARNING * * *
You hit the orb of fire but do no damage.
The orb of fire is lightly damaged.
You slice the orb of fire!!
You destroy the orb of fire!
You slice the orb of fire like a ripe choko!!!
You slice the dread lich!!
The orb of fire glows deep purple.
The bolt of fire hits you! You resist.
* * * LOW HITPOINT WARNING * * *
You hit the orb of fire but do no damage.
The orb of fire is heavily damaged.
You barely miss the orb of fire.
You hit the dread lich but do no damage.
You carve the death cob like a ham!!!
You destroy the death cob!
The Shining One accepts your kill.
You feel better.
You feel your power returning.
You slice the orb of fire like a ripe choko!!!
The orb of fire is almost destroyed.
You barely miss the orb of fire.
You carve the shadow dragon like a ham!!!
You slash the dread lich!
The orb of fire glows red.
The bolt of fire hits you but does no damage.
The orb of fire glows bright magenta.
The bolt of fire hits you but does no damage.
You resist.
You feel less invigorated.
You feel less confused.
The orb of fire emits a lurid red light.
The fireball explodes!
The fireball engulfs you! You resist.
* * * LOW HITPOINT WARNING * * *
The shadow dragon breathes negative energy at you.
The bolt of negative energy hits the orb of fire.
The orb of fire completely resists.
The bolt of negative energy hits you but does no damage.
You resist.
The orb of fire glows red.
The fireball explodes!
The fireball engulfs you! You resist.
* * * LOW HITPOINT WARNING * * *
You hear a shout!
Really quaff
Z - 2 potions of heal wounds {@q2 !q}?
Your system partially rejects the healing.
You feel much better.
You hear a shout!
The orb of fire glows deep purple.
The bolt of fire hits you! You resist.
* * * LOW HITPOINT WARNING * * *
The electric golem blinks!
Really quaff
Z - a potion of heal wounds {@q2 !q}?
Your system partially rejects the healing.
You feel much better.
The orb of fire emits a lurid red light.
The fireball explodes!
The fireball engulfs you. You resist.
* * * LOW HITPOINT WARNING * * *
The fireball engulfs the orb of fire.
The orb of fire completely resists.
The fireball engulfs the orb of fire.
The orb of fire completely resists.
The shadow dragon breathes negative energy at you.
The bolt of negative energy hits the orb of fire.
The orb of fire completely resists.
The bolt of negative energy hits you but does no damage.
You resist.
The orb of fire glows bright magenta.
The fireball explodes!
The fireball engulfs you! You resist.
* * * LOW HITPOINT WARNING * * *
The fireball engulfs the orb of fire.
The orb of fire completely resists.
The fireball engulfs the orb of fire.
The orb of fire completely resists.
The orb of fire glows deep purple.
Strange energies course through your body.
You feel strong-willed.
You are confused.
Your system partially rejects the healing.
You feel invigorated.
The orb of fire glows yellow.
The fireball explodes!
The fireball engulfs you! You resist.
* * * LOW HITPOINT WARNING * * *
The fireball engulfs the orb of fire.
The orb of fire completely resists.
The fireball engulfs the orb of fire.
The orb of fire completely resists.
A Killer Klown comes into view. It is wielding a +8 spectral club.
You hit the orb of fire.
The orb of fire is almost destroyed.
You completely miss the orb of fire. You barely miss the electric golem.
You hit the dread lich. You slice the shadow dragon!!
The electric golem hits you but does no damage. x2
The electric golem hits you.
* * * LOW HITPOINT WARNING * * *
The electric golem hits you.
You die...

,,**,,,,,,,,,,,^,,,.......,**
,***,,,,,,,,,,,,,,,..^9...,,*
** *,,^,{,,,,,,,,,,.§.....,,*
**,,,,,,,,,,^,,,.......,**
***,,,,,,,,,,,,......^**
****,^,,,,,{,§.....▓*
#▓▓▓▓▓▓▓▓▓▓▓##8p...▓▓
###...........*D......#*
##....##......@*L.......**
###...###...^....9........,**
.....###..................,,*
....## #....?.^...........,,*
....# #......^...^.......,,*
...## #.^..............^.,,*
...# #..................,,*
...## *,...............,,,,*
....# **,,,,,,,,,,,,,,,,,,**


You could see 2 orbs of fire, a Killer Klown, an electric golem, a shadow dragon
(catching breath) and a dread lich.

Vanquished Creatures
  2 dread liches
  2 orbs of fire (Zot:5)
  An ancient lich (Vaults:5)
  Josephina (Crypt:3)
  Sojobo (Vaults:4)
  Boris (twice) (Elf:3 Depths:4)
  Vv (Crypt:3)
  2 Killer Klowns
  An antique champion (WizLab)
  Margery (Depths:4)
  A curse toe (Zot:4)
  14 golden dragons
  Nikola (Shoals:1)
  3 bone dragons
  An electric golem (Zig:3)
  6 tentacled monstrosities
  Zenata (Elf:2)
  A hellephant (Zot:1)
  A spectral shard shrike (Crypt:3)
  12 Orb Guardians (Zot:5)
  6 liches
  2 deep elf blademasters (Elf:3)
  6 titans
  3 sphinxes
  8 death cobs
  5 ancient champions
  A searing wretch (Depths:4)
  3 quicksilver dragons
  2 deep elf master archers (Elf:3)
  Polyphemus (Shoals:3)
  A kraken (Shoals:4)
  9 tengu reavers
  8 storm dragons
  Roxanne (D:15)
  5 fire giants
  3 revenants
  Ilsuiw (Shoals:3)
  An azure jelly (IceCv)
  7 draconian monks
  9 frost giants
  5 draconian shifters
  9 protean progenitors
  An imperial myrmidon (Desolation)
  16 vault wardens
  7 draconian knights
  An iron dragon (Depths:4)
  8 shadow dragons
  2 curse skulls
  4 deep elf sorcerers
  2 emperor scorpions
  2 balrugs
  8 draconian scorchers
  4 caustic shrike zombies (Depths:1)
  4 deep elf elementalists (Elf:3)
  2 orc warlords
  4 ghost moths
  4 draconian annihilators (Zot:3)
  A juggernaut zombie (WizLab)
  6 draconian stormcallers
  A reaper (Depths:2)
  6 ghouls
  18 very ugly things
  A spriggan defender (Depths:2)
  5 formless jellyfish
  18 ironbound preservers
  A quicksilver ooze (IceCv)
  A juggernaut skeleton (WizLab)
  7 black draconians
  5 white draconians
  4 vampire knights
  9 ironbound thunderhulks
  8 green draconians
  9 stone giants
  4 deep elf demonologists
  9 deep elf annihilators
  19 dire elephants
  10 purple draconians
  7 deep elf death magi
  9 red draconians
  4 war gargoyles (Vaults:5)
  2 halazid warlocks (Desolation)
  Azrael (D:14)
  5 yellow draconians
  5 eidola
  A quicksilver dragon zombie (Depths:1)
  4 fire dragons
  19 jiangshi
  6 merfolk javelineers
  8 spark wasps
  9 ettins
  10 ragged hierophants (Desolation)
  The ghost of Melody the Grappler, a journeyman TrFi of Wu Jian (D:13)
  The ghost of Fildev the Nimble, a journeyman SpBr of Gozag (Lair:2)
  A mummy priest (Crypt:3)
  6 spriggan zombies
  6 merfolk impalers
  The ghost of mulx the Cleaver, a journeyman MiFi of Ru (D:13)
  3 deep elf high priests (Elf:3)
  5 entropy weavers
  14 yaktaur captains
  3 great orbs of eyes
  9 hydras
  7 servants of whispers (Desolation)
  30 vault guards
  2 jorogumos
  A spriggan skeleton (Crypt:3)
  An anaconda (Zig:2)
  3 catoblepae
  8 peacekeepers (Desolation)
  2 sphinx zombies
  3 spriggan air magi
  7 ironbound frosthearts
  2 salamander tyrants
  4 merfolk aquamancers
  5 radroaches
  4 merfolk avatars
  3 ogre magi
  13 centaur warriors
  2 ice dragons (Depths:1)
  14 two-headed ogres
  25 dancing weapons
  A two-headed ogre (shapeshifter) (D:15)
  3 boulder beetles
  3 death knights
  2 satyrs
  An alligator snapping turtle (Shoals:3)
  A hell hog (Volcano)
  5 deep troll shamans
  2 shock serpents (shapeshifter)
  7 vampire magi
  8 death scarabs (Spider:4)
  A spectral storm dragon (Crypt:3)
  6 deep troll earth magi
  2 occultists (Depths:2)
  3 tengu warriors
  Urug (D:13)
  10 demonic crawlers
  8 death yaks
  2 shock serpents (Zot:1)
  A titan zombie (Depths:1)
  A naga sharpshooter (Zig:2)
  A storm dragon zombie (Depths:1)
  3 spriggans
  7 hell knights
  A sun demon (Depths:2)
  An orc high priest (Orc:1)
  2 spriggan berserkers
  A fire crab (Volcano)
  6 skysharks
  18 deep elf knights
  8 pharaoh ants
  A golden dragon zombie (Depths:1)
  A spectral anaconda (Lair:5)
  23 skeletal warriors
  A spark wasp zombie (Depths:1)
  A spectral spark wasp (Spider:4)
  A wretched star (Zig:4)
  14 shadow wraiths (Crypt:3)
  2 sun moths
  6 iron trolls
  4 flayed ghosts
  A spectral death yak (Lair:5)
  A spectral ghost moth (Spider:4)
  59 deep trolls
  A ghost moth zombie (Crypt:1)
  3 goliath frogs (Zot:1)
  3 anaconda zombies
  16 orb spiders
  An elf simulacrum (Crypt:1)
  2 mana vipers (shapeshifter)
  A naga ritualist (Zig:5)
  2 obsidian statues
  13 sea snakes
  A large abomination (Zig:4)
  A sea snake (shapeshifter) (D:15)
  A deep troll (shapeshifter) (D:15)
  A bunyip zombie (Crypt:1)
  2 golden dragon skeletons
  2 anaconda skeletons (Crypt:1)
  5 orc knights
  2 orange crystal statues (Zig:5)
  A spriggan simulacrum (Crypt:2)
  25 ironbound convokers
  3 shadow dragon zombies
  A spectral broodmother (Spider:4)
  30 harpies
  7 arcanists
  9 deep elf archers
  A wolf spider zombie (Spider:4)
  A spectral jorogumo (Spider:4)
  27 phantasmal warriors
  12 necromancers
  A spectral wolf spider (Spider:4)
  An iron dragon zombie (Vaults:2)
  5 lindwurms
  A wolf spider (shapeshifter) (Vaults:5)
  A steelbarb worm (shapeshifter) (Depths:4)
  11 fauns
  13 deep elf zephyrmancers
  A jorogumo zombie (Crypt:2)
  5 steelbarb worms
  2 frost giant zombies (Depths:1)
  3 stone giant zombies
  2 iron dragon skeletons
  A fire giant zombie (Depths:1)
  16 manticores
  3 orc sorcerers
  9 cyclopes
  Maurice (D:7)
  A tengu skeleton (Vaults:2)
  34 ugly things
  3 salamanders (Depths:1)
  43 deep elf pyromancers
  A faun (shapeshifter) (Vaults:4)
  22 wolf spiders
  A meliai (shapeshifter) (Elf:1)
  25 elephants
  9 guardian serpents
  A shock serpent zombie (Crypt:2)
  7 meliai
  A rust devil (Depths:2)
  A naga zombie (Crypt:2)
  9 black mambas
  2 kobold blastminers (Orc:2)
  10 merfolk sirens
  3 spectral centaurs (Crypt:3)
  24 moths of wrath
  A formless jellyfish zombie (Crypt:3)
  2 water nymphs (shapeshifter)
  3 dire elephant zombies (Lair:5)
  A molten gargoyle (Desolation)
  2 stone giant skeletons (WizLab)
  8 water nymphs
  A titan simulacrum (Crypt:3)
  22 vault sentinels
  6 torpor snails
  A spectral redback (Spider:4)
  An emperor scorpion simulacrum (Spider:4)
  A gargoyle (D:13)
  An ice statue (Zig:5)
  A naga skeleton (Crypt:1)
  3 centaur skeletons
  14 cane toads
  14 komodo dragons
  A yaktaur zombie (Vaults:4)
  7 rime drakes
  An efreet (D:15)
  A rime drake (shapeshifter) (D:15)
  A spark wasp simulacrum (Spider:4)
  A tengu conjurer (Depths:2)
  2 human zombies
  19 yaktaurs
  A redback zombie (Spider:4)
  A green draconian zombie (Crypt:1)
  A red draconian skeleton (Crypt:2)
  13 freezing wraiths
  A purple draconian skeleton (Crypt:3)
  3 guardian mummies (Crypt:3)
  2 tyrant leeches (Zot:1)
  A golden dragon simulacrum (WizLab)
  17 trolls
  A catoblepas skeleton (Crypt:1)
  8 wind drakes
  A polar bear (shapeshifter) (Elf:2)
  2 merfolk (shapeshifter) (D:15)
  2 harpy zombies
  5 polar bears
  A queen bee (Lair:4)
  A ghost moth simulacrum (Spider:4)
  A troll (shapeshifter) (D:15)
  30 merfolk
  13 hornets
  A tengu simulacrum (Vaults:4)
  77 saltlings (Desolation)
  3 spectral tarantellas (Spider:4)
  23 tarantellas
  Grinder (D:6)
  A jorogumo simulacrum (Spider:4)
  A glass eye (Depths:3)
  A spectral jumping spider (Spider:4)
  20 blink frogs
  A blink frog (shapeshifter) (D:15)
  A satyr zombie (Crypt:1)
  A draconian simulacrum (Crypt:1)
  A stone giant simulacrum (Vaults:2)
  3 ettin zombies
  2 centaur simulacra (D:15)
  8 snapping turtles
  18 dream sheep
  A boulder beetle zombie (Crypt:3)
  A fire giant simulacrum (Vaults:2)
  2 spectral elephants (Lair:5)
  A culicivora zombie (Spider:4)
  A radroach zombie (Crypt:3)
  54 slime creatures
  43 jumping spiders
  A guardian serpent skeleton (Crypt:2)
  A spriggan (shapeshifter) (D:15)
  6 air elementals
  3 vampires (WizLab)
  24 culicivoras
  A human (shapeshifter) (D:15)
  5 wyverns
  21 water elementals
  5 shadows (Crypt:3)
  4 humans
  5 fire elementals
  13 wraiths
  32 yaks
  A fire bat (shapeshifter) (D:15)
  6 basilisks
  A hog (shapeshifter) (D:15)
  6 wargs
  12 vampire mosquitoes
  61 redbacks
  3 steam dragons
  An elf skeleton (Vaults:5)
  A death yak simulacrum (Lair:5)
  A harpy simulacrum (Crypt:3)
  2 spectral cane toads (Lair:5)
  2 glowing shapeshifter zombies (Depths:1)
  A two-headed ogre zombie (WizLab)
  3 acid dragons
  A demonspawn zombie (Crypt:2)
  A great orb of eyes simulacrum (IceCv)
  A fire bat skeleton (Crypt:3)
  A hydra simulacrum (Crypt:3)
  5 hell hounds
  21 water moccasins
  Duvessa (D:7)
  A deep troll skeleton (WizLab)
  21 orc warriors
  2 sky beasts
  33 laughing skulls
  An ice dragon simulacrum (Crypt:1)
  2 elephant zombies (Lair:5)
  3 ice beasts
  A black bear (D:6)
  21 ogres
  An ettin simulacrum (Crypt:3)
  26 wolves
  3 boggarts
  A black mamba simulacrum (Crypt:2)
  A dream sheep skeleton (Crypt:1)
  A hog skeleton (Crypt:3)
  4 centaurs
  A human skeleton (Vaults:5)
  A phantom (D:3)
  3 slime creature simulacra (IceCv)
  2 swamp dragon skeletons
  3 kobold brigands
  7 weeping skulls (Crypt:3)
  13 bullfrogs
  A cyclops zombie (Crypt:2)
  2 scorpions
  3 two-headed ogre simulacra (WizLab)
  2 gnoll sergeants
  A cane toad simulacrum (Lair:5)
  3 earth elementals
  A necrophage (Crypt:1)
  A deep troll simulacrum (WizLab)
  2 glowing shapeshifter simulacra (IceCv)
  21 wights
  Dowan (D:7)
  A tengu zombie (Depths:1)
  An elephant simulacrum (Lair:5)
  35 killer bees
  A troll skeleton (Crypt:2)
  3 electric eels
  A polar bear skeleton (Crypt:3)
  A yak skeleton (Crypt:2)
  5 howler monkeys
  4 jellies (Lair:5)
  2 bombardier beetles (D:7)
  9 orc priests
  A basilisk zombie (Crypt:1)
  7 hounds
  A gnoll bouda (D:5)
  Terence (D:3)
  3 iguanas
  13 orc wizards
  A sleepcap (D:5)
  A hell rat (Lair:4)
  6 shapeshifter simulacra (IceCv)
  14 gnolls
  10 adders
  A river rat (Lair:4)
  A steam dragon skeleton (Crypt:1)
  4 ufetubi
  A jelly zombie (Crypt:2)
  3 ribbon worms
  7 dart slugs
  50 orcs
  4 ball pythons
  3 bats
  10 endoplasms
  5 giant cockroaches
  2 goblins
  5 hobgoblins
  6 jackals
  21 kobolds
  6 quokkas
  3 training dummies (Orc:2)
  A bombardier beetle zombie (Crypt:3)
  A frilled lizard (D:3)
  An orc skeleton (Crypt:3)
  An orc zombie (Crypt:1)
  A quokka skeleton (Crypt:1)
  A quokka zombie (Crypt:1)
  2 rats
  8 aspiring fleshes
  2 tentacles (Shoals:4)
2516 creatures vanquished.

Vanquished Creatures (collateral kills)
  Frederick (Crypt:3)
  A dread lich (Zot:5)
  An orb of fire (Zot:5)
  Mara (Spider:4)
  An antique champion (WizLab)
  A lich (Vaults:5)
  The ghost of Nuqinleag the Devastator, an adept GrEE of Vehumet (Spider:4)
  2 imperial myrmidons (Desolation)
  A curse skull (Crypt:3)
  An orc warlord (Orc:2)
  A crystal guardian (Desolation)
  An ettin (Vaults:5)
  2 merfolk javelineers
  A merfolk impaler (Shoals:4)
  A fire dragon (D:10)
  4 ragged hierophants (Desolation)
  A deep elf high priest (Depths:4)
  A peacekeeper (Desolation)
  An ogre mage (Vaults:5)
  A hell beast (Depths:4)
  3 servants of whispers (Desolation)
  3 dancing weapons (Elf:2)
  A merfolk aquamancer (Shoals:4)
  2 death scarabs (Spider:4)
  A deep troll earth mage (Depths:4)
  2 spectral emperor scorpions (Spider:4)
  2 deep elf knights (Elf:2)
  2 shadow wraiths (Crypt:3)
  A deep troll (Vaults:5)
  A sea snake (Shoals:3)
  2 steelbarb worms (Spider:4)
  7 phantasmal warriors (Crypt:3)
  An ironbound convoker (Desolation)
  2 spectral wolf spiders (Spider:4)
  2 deep elf zephyrmancers (Elf:2)
  A harpy (Shoals:4)
  2 deep elf pyromancers (Elf:2)
  A broodmother zombie (Spider:4)
  A wolf spider (Spider:4)
  A faun (Shoals:1)
  3 guardian serpents (Desolation)
  A spectral redback (Spider:4)
  3 guardian mummies (Crypt:3)
  4 merfolk (Shoals:4)
  A freezing wraith (Crypt:3)
  2 spectral tarantellas (Spider:4)
  A tyrant leech (Zot:5)
  9 saltlings (Desolation)
  A snapping turtle (Shoals:4)
  A spectral jumping spider (Spider:4)
  4 jumping spiders (Spider:4)
  3 culicivoras
  2 shadows (Crypt:3)
  A wraith (Crypt:3)
  2 water elementals (Shoals:1)
  2 redbacks (Spider:4)
  A harpy simulacrum (Crypt:3)
  2 weeping skulls (Crypt:3)
  A howler monkey (D:10)
  3 orcs (Orc:2)
  A tentacle (Shoals:4)
111 creatures vanquished.

Vanquished Creatures (others)
  A deep troll (Vaults:5)
  A harpy (Vaults:3)
  A merfolk siren (Shoals:1)
  A naga mage (Zig:5)
  A culicivora (Zot:5)
  A water elemental (Elf:1)
  A boggart (D:15)
  A quokka (D:8)
  4 tentacles (Shoals:4)
12 creatures vanquished.

Grand Total: 2639 creatures vanquished

Notes
Turn   | Place    | Note
-------+----------+-------------------------------------------
     0 | D:1      | EnegeticOcto the Formicid Shapeshifter began the quest for
                  | the Orb.
     0 | D:1      | Reached XP level 1. HP: 15/15 MP: 1/1
   133 | D:1      | Reached skill level 2 in Fighting
   133 | D:1      | Reached XP level 2. HP: 20/22 MP: 2/2
   942 | D:2      | Reached skill level 3 in Fighting
   942 | D:2      | Reached XP level 3. HP: 26/29 MP: 3/3
  1134 | D:2      | Reached XP level 4. HP: 32/37 MP: 4/4
  1155 | D:2      | Found Eddo's Jewellery Boutique.
  1378 | D:2      | Reached skill level 4 in Fighting
  1518 | D:2      | Found a hazy altar of Hepliaklqana.
  1615 | D:3      | Reached skill level 1 in Polearms
  1621 | D:3      | Reached XP level 5. HP: 37/42 MP: 5/5
  1974 | D:3      | Noticed Terence
  1995 | D:3      | Killed Terence
  1996 | D:3      | Reached skill level 2 in Polearms
  2135 | D:3      | Found Ruttepp's Distillery.
  2153 | D:3      | Bought a potion of degeneration for 13 gold pieces
  2223 | D:3      | Noticed a phantom
  2244 | D:3      | Killed a phantom
  2245 | D:3      | Reached skill level 3 in Polearms
  2245 | D:3      | Reached XP level 6. HP: 42/50 MP: 6/6
  2318 | D:3      | Found a shadowy altar of Dithmenos.
  2417 | D:3      | Found a hide-covered altar of Uskayaw.
  2419 | D:3      | Found a glowing silver altar of Zin.
  2419 | D:3      | Found a shimmering altar of Xom.
  2423 | D:3      | Found a radiant altar of Vehumet.
  2633 | D:4      | Reached skill level 5 in Fighting
  2677 | D:4      | Reached skill level 4 in Polearms
  2748 | D:4      | Reached XP level 7. HP: 53/56 MP: 7/7
  3134 | D:4      | Reached skill level 5 in Polearms
  3511 | D:5      | Entered Level 5 of the Dungeon
  3536 | D:5      | Identified the +0 robe of Protective Custody {Archmagi}
  3572 | D:5      | Reached skill level 6 in Fighting
  3572 | D:5      | Reached skill level 1 in Armour
  3660 | D:5      | Reached XP level 8. HP: 64/64 MP: 8/8
  3929 | D:5      | Reached skill level 6 in Polearms
  3936 | D:5      | Reached skill level 2 in Armour
  4055 | D:5      | Identified the ring of Desertification {rPois rF- rN+ Int+2
                  | SInv}
  4637 | D:6      | Reached skill level 3 in Armour
  4662 | D:6      | Reached skill level 7 in Polearms
  4762 | D:6      | Noticed Grinder
  4794 | D:6      | Killed Grinder
  4795 | D:6      | Reached skill level 7 in Fighting
  4795 | D:6      | Reached XP level 9. HP: 37/72 MP: 9/9
  5106 | D:6      | Found a staircase to the Ecumenical Temple.
  5112 | Temple   | Entered the Ecumenical Temple
  5118 | Temple   | Became a worshipper of the Shining One
  5338 | D:5      | Reached skill level 4 in Armour
  5390 | D:6      | Reached skill level 8 in Polearms
  5815 | D:7      | Noticed Maurice
  5849 | D:7      | Maurice stole 268 gold
  5851 | D:7      | Maurice stole the ring of Desertification {rPois rF- rN+
                  | Int+2 SInv}
  5860 | D:7      | Maurice stole a +2 spear of flaming
  5866 | D:7      | Killed Maurice
  5867 | D:7      | Reached skill level 8 in Fighting
  5867 | D:7      | Reached skill level 9 in Polearms
  5912 | D:7      | Noticed Dowan
  6271 | D:7      | Noticed Duvessa
  6280 | D:7      | Killed Duvessa
  6290 | D:7      | Killed Dowan
  6291 | D:7      | Reached skill level 1 in Invocations
  6376 | D:7      | Reached skill level 1 in Evocations
  6399 | D:7      | Found a sparkling altar of Nemelex Xobeh.
  6408 | D:7      | Reached XP level 10. HP: 82/82 MP: 9/11
  6645 | D:6      | Reached skill level 2 in Invocations
  6645 | D:6      | Reached skill level 2 in Evocations
  6744 | D:7      | Reached * piety under the Shining One
  6878 | D:8      | Reached skill level 10 in Polearms
  6960 | D:8      | Reached skill level 3 in Invocations
  6979 | D:8      | Reached skill level 9 in Fighting
  7073 | D:8      | Reached skill level 3 in Evocations
  7147 | D:8      | Found a white marble altar of Elyvilon.
  7386 | D:2      | Bought an amulet of regeneration for 360 gold pieces
  7910 | D:9      | Found a staircase to the Lair.
  8080 | D:9      | Reached ** piety under the Shining One
  8102 | D:9      | Reached skill level 4 in Invocations
  8444 | D:9      | Reached skill level 4 in Evocations
  8520 | D:9      | Reached skill level 11 in Polearms
  8520 | D:9      | Reached XP level 11. HP: 89/89 MP: 14/14
  8793 | D:10     | Entered Level 10 of the Dungeon
  9338 | D:10     | Reached skill level 1 in Shields
  9338 | D:10     | Reached skill level 5 in Invocations
  9513 | D:10     | Reached skill level 2 in Shields
  9597 | D:10     | Reached skill level 10 in Fighting
  9597 | D:10     | Reached skill level 3 in Shields
  9600 | D:11     | Noticed a fire dragon
  9619 | D:10     | Killed a fire dragon
  9620 | D:10     | Reached skill level 6 in Invocations
  9768 | Lair:1   | Entered Level 1 of the Lair of Beasts
  9800 | Lair:1   | Reached skill level 4 in Shields
  9863 | Lair:1   | Reached skill level 12 in Polearms
 10004 | Lair:1   | Reached *** piety under the Shining One
 10103 | D:9      | Reached skill level 5 in Shields
 10224 | Lair:1   | Reached XP level 12. HP: 99/99 MP: 16/16
 10253 | Lair:1   | Reached skill level 6 in Shields
 10308 | Lair:1   | HP: 2/99 [komodo dragon (7)]
 10415 | Lair:1   | Reached skill level 11 in Fighting
 10415 | Lair:1   | Reached skill level 13 in Polearms
 11283 | Lair:2   | Reached skill level 14 in Polearms
 11288 | Lair:2   | Found a frozen archway.
 11344 | IceCv    | Entered an ice cave
 12122 | IceCv    | Noticed a quicksilver ooze
 12134 | IceCv    | Killed a quicksilver ooze
 12135 | IceCv    | Reached skill level 12 in Fighting
 12135 | IceCv    | Reached skill level 5 in Armour
 12135 | IceCv    | Reached XP level 13. HP: 80/108 MP: 14/18
 12167 | IceCv    | Reached skill level 7 in Shields
 12194 | IceCv    | Reached **** piety under the Shining One
 12281 | IceCv    | Reached skill level 7 in Invocations
 12316 | IceCv    | Found a viscous altar of Jiyva.
 12316 | IceCv    | Noticed an azure jelly
 12340 | IceCv    | Killed an azure jelly
 12502 | IceCv    | Identified the ring "Tedoc" {Str+4 Int+6}
 12936 | Lair:2   | Reached skill level 15 in Polearms
 12946 | Lair:2   | Reached skill level 6 in Armour
 12946 | Lair:2   | Reached skill level 8 in Shields
 13183 | Lair:2   | Noticed a four-headed hydra
 13199 | Lair:2   | Killed a four-headed hydra
 13280 | Lair:2   | Found a hole to the Spider Nest.
 13459 | Lair:2   | Noticed Fildev's ghost (journeyman SpBr)
 13462 | Lair:2   | Found a runed translucent door.
 13488 | Lair:2   | Reached skill level 8 in Invocations
 13796 | Lair:2   | Killed Fildev's ghost
 13986 | Lair:3   | Reached skill level 9 in Shields
 14034 | Lair:3   | Reached skill level 7 in Armour
 14180 | Lair:3   | Found a dark tunnel.
 14196 | Volcano  | Entered a volcano
 14231 | Volcano  | Reached XP level 14. HP: 115/115 MP: 20/20
 14563 | Lair:3   | Reached skill level 16 in Polearms
 14817 | Lair:3   | Found a staircase to the Shoals.
 15460 | Lair:4   | Reached skill level 10 in Shields
 15550 | Lair:4   | Reached skill level 8 in Armour
 16010 | Lair:4   | Reached skill level 11 in Shields
 16104 | Lair:4   | Reached skill level 17 in Polearms
 16840 | Lair:5   | Entered Level 5 of the Lair of Beasts
 16858 | Lair:5   | Reached skill level 12 in Shields
 17005 | Lair:5   | Reached XP level 15. HP: 104/119 MP: 21/21
 17131 | Lair:5   | Reached ***** piety under the Shining One
 17193 | Lair:4   | Reached skill level 18 in Polearms
 17511 | Lair:5   | Found a viscous altar of Jiyva.
 17513 | Lair:5   | Found a staircase to the Slime Pits.
 18071 | Lair:5   | Reached skill level 19 in Polearms
 18699 | D:11     | Found a runed translucent door.
 18761 | D:11     | Found Nuirib's Armour Boutique.
 18844 | D:11     | Reached skill level 20 in Polearms
 19096 | D:11     | Reached skill level 2 in Dodging
 19578 | D:11     | Noticed a stone giant
 19584 | D:11     | Identified a scroll of acquirement
 19585 | D:11     | Acquired 1075 gold pieces
 19695 | D:11     | Killed a stone giant
 19723 | D:11     | Reached XP level 16. HP: 127/127 MP: 22/22
 19846 | D:12     | Reached skill level 3 in Dodging
 20201 | D:12     | Found a staircase to the Orcish Mines.
 20572 | Orc:1    | Entered Level 1 of the Orcish Mines
 20665 | Orc:1    | Reached skill level 9 in Invocations
 21137 | Orc:2    | Entered Level 2 of the Orcish Mines
 21161 | Orc:2    | Reached skill level 9 in Armour
 21200 | Orc:2    | Found a staircase to the Elven Halls.
 21235 | Orc:2    | Reached ****** piety under the Shining One
 21479 | Orc:1    | Reached skill level 4 in Dodging
 21747 | Orc:2    | Found Ficomypp's Antique Weapon Emporium.
 21907 | Orc:2    | Reached skill level 13 in Fighting
 21919 | Orc:2    | Reached skill level 10 in Invocations
 22006 | Orc:2    | Found Dox Rou's Jewellery Shoppe.
 22019 | Orc:2    | Found Soan's General Store.
 22028 | Orc:2    | Found Coik's Distillery.
 22037 | Orc:2    | Bought a potion of heal wounds for 80 gold pieces
 22037 | Orc:2    | Bought a potion of curing for 48 gold pieces
 22037 | Orc:2    | Bought a potion of curing for 48 gold pieces
 22037 | Orc:2    | Bought a potion of curing for 48 gold pieces
 22042 | Orc:2    | Bought the +2 shield of Resistance {rF++ rC++ Will++} for
                  | 1057 gold pieces
 22042 | Orc:2    | Found the +2 shield of Resistance {rF++ rC++ Will++}
 22151 | Orc:2    | Found Pixkos Egaxt's Firing Range.
 22159 | Orc:2    | Bought a throwing net for 36 gold pieces
 22679 | D:3      | Bought a potion of resistance for 130 gold pieces
 22679 | D:3      | Bought a potion of resistance for 130 gold pieces
 22679 | D:3      | Bought a potion of magic for 104 gold pieces
 22679 | D:3      | Bought 2 potions of attraction for 78 gold pieces
 23178 | D:13     | Reached skill level 5 in Dodging
 23420 | D:13     | Reached skill level 10 in Armour
 23689 | D:13     | Found a runed translucent gate.
 23689 | D:13     | Found a runed translucent gate.
 23689 | D:13     | Found a runed translucent gate.
 23689 | D:13     | Noticed mulx's ghost (journeyman MiFi)
 23690 | D:13     | Noticed Melody's ghost (journeyman TrFi)
 23699 | D:13     | Killed mulx's ghost
 23699 | D:13     | Killed Melody's ghost
 23805 | D:13     | Got the Monograph on Numb Curses
 23897 | D:13     | Noticed Urug
 23910 | D:13     | Killed Urug
 23960 | D:13     | Found a gate to the Vaults.
 24072 | D:14     | Found a broken altar of Ashenzari.
 24080 | D:14     | Reached XP level 17. HP: 137/137 MP: 24/24
 24103 | D:14     | Noticed Azrael
 24122 | D:14     | Killed Azrael
 24339 | D:14     | Found a transporter.
 24359 | D:14     | Found a transporter.
 24381 | D:14     | Found a transporter.
 24383 | D:14     | Found a transporter.
 24932 | D:15     | Entered Level 15 of the Dungeon
 25130 | D:14     | Reached skill level 11 in Invocations
 25506 | D:15     | Noticed Roxanne
 25592 | D:15     | Reached skill level 11 in Armour
 25594 | D:15     | Reached skill level 14 in Fighting
 25993 | D:15     | Found a staircase to the Depths.
 26202 | D:15     | Identified the +11 arbalest of the Wilderness {penet,
                  | ^Drain Dex-5 SInv Stlth+}
 26218 | D:15     | Identified the ring of Anius {^Drain rF+ Will+ Dex+6}
 26385 | D:15     | Reached skill level 1 in Staves
 26385 | D:15     | Reached skill level 12 in Invocations
 26941 | D:15     | Killed Roxanne
 27189 | Spider:1 | Entered Level 1 of the Spider Nest
 27251 | Spider:1 | Reached skill level 2 in Staves
 27929 | Spider:1 | Reached XP level 18. HP: 112/147 MP: 21/27
 28210 | Spider:2 | Reached skill level 12 in Armour
 28391 | Spider:2 | Reached skill level 21 in Polearms
 28615 | Spider:2 | Reached skill level 15 in Fighting
 28615 | Spider:2 | Reached skill level 13 in Invocations
 29897 | Spider:3 | Reached skill level 14 in Invocations
 29984 | Spider:3 | Acquired 675 gold pieces
 31036 | Spider:4 | Entered Level 4 of the Spider Nest
 31355 | Spider:3 | Reached XP level 19. HP: 148/155 MP: 27/30
 31597 | Spider:4 | Found a runed translucent gate.
 31597 | Spider:4 | Found a runed translucent gate.
 31597 | Spider:4 | Found a runed translucent gate.
 31621 | Spider:4 | Noticed Nuqinleag's ghost (adept GrEE)
 31621 | Spider:4 | Found the +5 Lochaber axe {reach-cleave, Poleaxe ^Drain}
 31639 | Spider:4 | Killed Nuqinleag's ghost
 31933 | Spider:4 | Reached skill level 5 in Evocations
 32008 | Spider:4 | Reached skill level 22 in Polearms
 32023 | Spider:4 | Noticed Mara
 32040 | Spider:4 | Killed Mara
 32041 | Spider:4 | Reached skill level 15 in Invocations
 32062 | Spider:4 | Reached skill level 6 in Dodging
 32062 | Spider:4 | Reached skill level 13 in Shields
 32075 | Spider:4 | Identified the scarf of Coeliyrr {shadows, +Blink rF+
                  | Str+2}
 32091 | Spider:4 | Got a gossamer rune of Zot
 32786 | Shoals:1 | Entered Level 1 of the Shoals
 33026 | Shoals:1 | Reached skill level 6 in Evocations
 33405 | Shoals:1 | Noticed Nikola
 33423 | Shoals:1 | Reached skill level 14 in Shields
 33423 | Shoals:1 | Reached XP level 20. HP: 152/164 MP: 0/31
 33427 | Shoals:1 | Killed Nikola
 33428 | Shoals:1 | Reached skill level 13 in Armour
 33658 | Shoals:1 | Found a runed translucent door.
 34572 | Shoals:2 | Reached skill level 7 in Dodging
 34620 | Shoals:2 | Reached skill level 7 in Evocations
 34622 | Shoals:2 | Reached skill level 16 in Fighting
 34987 | Shoals:3 | Identified the +8 war axe "Joacs" {spect, rElec Int+2}
 35132 | Shoals:3 | Reached skill level 15 in Shields
 35191 | Shoals:3 | Noticed Polyphemus
 35207 | Shoals:3 | Killed Polyphemus
 35211 | Shoals:3 | Noticed Ilsuiw
 35226 | Shoals:3 | Killed Ilsuiw
 35421 | Shoals:3 | Noticed Bai Suzhen
 35429 | Shoals:3 | Bai Suzhen changed into Bai Suzhen the titan
 35429 | Shoals:3 | Noticed Bai Suzhen
 35434 | Shoals:3 | Killed Bai Suzhen the titan
 35811 | Shoals:4 | Entered Level 4 of the Shoals
 35811 | Shoals:4 | Found Ehamef's Weapon Shop.
 35914 | Shoals:4 | Identified the -1 tower shield of Jigsaw {Will+}
 35961 | Shoals:4 | Found Orus Weh's Armour Shoppe.
 36378 | Shoals:4 | Identified the +6 dagger of Ragnarok {freeze, rF+ rC+ rN+}
 36510 | Shoals:4 | Reached skill level 23 in Polearms
 36593 | Shoals:4 | Reached XP level 21. HP: 172/172 MP: 22/32
 36595 | Shoals:4 | Reached skill level 8 in Evocations
 36602 | Shoals:4 | Reached skill level 16 in Shields
 36690 | Shoals:4 | Got a barnacled rune of Zot
 36717 | Shoals:4 | Identified the +5 orcbow of the Ghost {heavy, rElec rPois
                  | rN+}
 37081 | Elf:1    | Entered Level 1 of the Elven Halls
 37237 | Elf:1    | Found a crumbling gateway.
 37259 | Desolati | Entered the Desolation of Salt
 37281 | Desolati | Reached skill level 14 in Armour
 37281 | Desolati | Reached skill level 8 in Dodging
 37406 | Desolati | Identified the amulet of Teyrchite {Reflect rF++ rC+ Str-3
                  | SH+5}
 37532 | Desolati | Identified the ring of Olumuck {rC+ EV+5}
 37593 | Desolati | Reached skill level 17 in Shields
 37666 | Desolati | Reached skill level 9 in Evocations
 37754 | Desolati | Got Sif Muna's Incunabulum of Bedrock and the Nimbus
 37798 | Desolati | Identified the +6 morningstar of Revolt {flame, Will+
                  | Str+2}
 37812 | Desolati | Identified the ring "Vafab" {Str+6 Int+3}
 37827 | Desolati | Identified the amulet of Tigguim {Spirit Harm rCorr MP+9
                  | Int-3}
 37839 | Desolati | Identified the amulet of the Lumpy Deaths {Spirit ^Fragile
                  | rCorr Int+3 Dex+4}
 37900 | Desolati | Got the Encyclopedia of the Inferno
 37947 | Desolati | Reached skill level 17 in Fighting
 38005 | Desolati | Identified the ring "Ropaduaz" {rN+ Int+4 Dex+2}
 38709 | Elf:1    | Reached XP level 22. HP: 122/181 MP: 28/33
 38977 | Elf:1    | Found a runed translucent gate.
 38979 | Elf:1    | Found a runed translucent gate.
 38979 | Elf:1    | Found an opulent altar of Gozag.
 38979 | Elf:1    | Found a runed translucent gate.
 38979 | Elf:1    | Found Vaoroj's Assorted Antiques.
 38982 | Elf:1    | Noticed Mandevil's ghost (adept AtCj)
 38983 | Elf:1    | Found Imih's Assorted Antiques.
 39650 | Elf:2    | Noticed Zenata
 39662 | Elf:2    | Reached skill level 9 in Dodging
 39716 | Elf:2    | Killed Zenata
 39717 | Elf:2    | Reached skill level 18 in Shields
 40440 | Elf:2    | Found a huge runed translucent gate.
 40440 | Elf:2    | Found a huge runed translucent gate.
 40440 | Elf:2    | Found a huge runed translucent gate.
 40442 | Elf:2    | Found a huge runed translucent gate.
 40442 | Elf:2    | Found a huge runed translucent gate.
 40952 | Elf:2    | Reached skill level 10 in Evocations
 40957 | Elf:2    | Reached skill level 24 in Polearms
 41109 | Elf:2    | Reached skill level 15 in Armour
 41362 | Elf:3    | Entered Level 3 of the Elven Halls
 41533 | Elf:3    | Noticed Boris
 41545 | Elf:3    | Killed Boris
 41564 | Elf:3    | Reached skill level 19 in Shields
 42171 | Elf:3    | Found a radiant altar of Vehumet.
 42760 | Elf:3    | Found Evya's Weapon Shop.
 42928 | Elf:3    | Identified the +1 leather armour of the Lair of Beasts {rF-
                  | rC+ Int+2}
 42958 | Elf:3    | Identified the +9 mace of the Omega Point {venom, *Rage
                  | *Corrode Will+ Int+9 Stlth+}
 42958 | Elf:3    | Identified the ring "Gitemp" {rN+ MP+9 Str-2 Int+6 Dex+3}
 42971 | Elf:3    | Reached XP level 23. HP: 189/189 MP: 34/34
 42973 | Elf:3    | Identified the +0 robe "Gipifim" {^Contam rCorr Archmagi}
 43124 | Elf:3    | Identified the amulet of Prescription {Spirit rF+ Stlth+}
 43261 | Elf:3    | Identified the +1 robe "Qedocicu" {Int+3 Dex+2 Slay+2}
 43261 | Elf:3    | Identified the ring "Kuoriang" {rElec Int-5 Dex+5 Slay+4
                  | SInv}
 43371 | Elf:3    | Found the +2 hood of the Assassin {Detect Stab+ Stlth++}
 43372 | Elf:3    | Got Addatan's Almanac of Resurrection and Bombardment
 43379 | Elf:3    | Got the Folio of Overcast Earth
 43385 | Elf:3    | Identified the +0 ring mail of the Guilds {rElec Str-5
                  | Dex+3}
 43434 | Elf:3    | Identified the +8 arbalest "Vaofy" {heavy, rF- rC+++ MP-9
                  | SInv}
 43736 | Vaults:1 | Entered Level 1 of the Vaults
 43895 | Vaults:1 | Reached skill level 10 in Dodging
 43950 | Vaults:1 | Found Xoownacsir's Weapon Boutique.
 44328 | Vaults:1 | Reached skill level 18 in Fighting
 45320 | Vaults:2 | Reached skill level 16 in Armour
 45486 | Vaults:2 | Identified the +3 trident "Veas" {drain, Fly rF+++ Int+4
                  | Stlth+}
 45670 | Vaults:2 | Reached skill level 25 in Polearms
 45863 | Vaults:2 | Reached skill level 20 in Shields
 46348 | Vaults:3 | Reached XP level 24. HP: 189/199 MP: 34/34
 46443 | Vaults:3 | Reached skill level 16 in Invocations
 46993 | Vaults:3 | Found Doamar's Antique Armour Emporium.
 47087 | Vaults:3 | Found Miynogym's Magic Scroll Shop.
 47098 | Vaults:3 | Bought a scroll of enchant armour for 112 gold pieces
 47102 | Vaults:3 | Found Gessuf's Antique Armour Boutique.
 47126 | Vaults:3 | Bought a pair of glowing gloves for 120 gold pieces
 47307 | Vaults:3 | Found a staircase to the Crypt.
 47436 | Vaults:3 | Found Qonn's Distillery.
 47436 | Vaults:3 | Found Wimiavikk's Antique Armour Shop.
 47443 | Vaults:3 | Bought a runed cloak for 210 gold pieces
 47452 | Vaults:3 | Bought a potion of might for 92 gold pieces
 47452 | Vaults:3 | Bought a potion of curing for 69 gold pieces
 47452 | Vaults:3 | Bought a potion of heal wounds for 115 gold pieces
 47452 | Vaults:3 | Bought a potion of curing for 69 gold pieces
 47452 | Vaults:3 | Bought a potion of curing for 69 gold pieces
 47594 | Vaults:3 | Identified the +0 chain mail of True Grit {+Blink Int+3}
 47883 | Vaults:4 | Noticed Sojobo
 47891 | Vaults:4 | Killed Sojobo
 48072 | Vaults:4 | Found a portal to a secret trove of treasure.
 48412 | Vaults:4 | Reached skill level 19 in Fighting
 48590 | Vaults:4 | Reached skill level 17 in Armour
 48852 | Crypt:1  | Entered Level 1 of the Crypt
 49108 | Crypt:1  | Reached skill level 26 in Polearms
 49114 | Crypt:1  | Reached skill level 17 in Invocations
 49340 | Crypt:1  | Reached XP level 25. HP: 208/208 MP: 35/35
 50923 | Crypt:3  | Entered Level 3 of the Crypt
 50933 | Crypt:3  | Found a magical portal.
 51018 | WizLab   | Entered Zonguldrok's Shrine
 51454 | WizLab   | Noticed an antique champion
 51454 | WizLab   | Noticed an antique champion
 51461 | WizLab   | Killed an antique champion
 51462 | WizLab   | Killed an antique champion
 51516 | WizLab   | Identified the +0 chain mail "Riazenon" {Harm Regen+}
 51618 | Crypt:3  | Noticed Vv
 51637 | Crypt:3  | Killed Vv
 51870 | Crypt:3  | Identified the orb of the Bells {*channel, Harm Slay-4
                  | SInv}
 51870 | Crypt:3  | Noticed Frederick
 51880 | Crypt:3  | Killed Frederick
 51881 | Crypt:3  | Reached skill level 18 in Armour
 51881 | Crypt:3  | Reached skill level 18 in Invocations
 51936 | Crypt:3  | Identified the ring "Jag Dumn" {Ice rElec Dex+3}
 51936 | Crypt:3  | Noticed Josephina
 51964 | Crypt:3  | Killed Josephina
 52051 | Crypt:3  | Found a staircase to the Tomb.
 52188 | Crypt:3  | Reached skill level 20 in Fighting
 52211 | Crypt:3  | Reached XP level 26. HP: 218/218 MP: 36/36
 52250 | Crypt:3  | Found an ancient bone altar of Kikubaaqudgha.
 52298 | Crypt:3  | Reached skill level 27 in Polearms
 53169 | Depths:1 | Entered Level 1 of the Depths
 53294 | Depths:1 | Found Big Baal Hell's Store.
 53311 | Depths:1 | Found a gateway to Hell.
 53547 | Depths:1 | Found a one-way gateway to a ziggurat.
 53595 | Depths:1 | Reached skill level 19 in Invocations
 53614 | Depths:1 | Found a basalt altar of Yredelemnul.
 53623 | Depths:1 | Reached skill level 19 in Armour
 53719 | Depths:1 | Found a snail-covered altar of Cheibriados.
 54026 | Zig:1    | Entered Level 1 of a ziggurat
 54050 | Zig:2    | Entered Level 2 of a ziggurat
 54126 | Zig:3    | Entered Level 3 of a ziggurat
 54145 | Zig:3    | Identified the +7 demon whip of Dithmenos's Delight
                  | {protect, Dex+4}
 54185 | Zig:4    | Entered Level 4 of a ziggurat
 54213 | Zig:4    | Identified the +4 triple crossbow "Nacwi" {penet, rC+
                  | Int+2}
 54214 | Zig:4    | Identified the +11 sling "Killer Bee's Curse" {drain, Fly
                  | rF+ Str-4}
 54217 | Zig:5    | Entered Level 5 of a ziggurat
 54257 | Zig:5    | Identified the +7 plate armour of Ugateap {+Blink rF+ Int+2
                  | Stlth-}
 54414 | Depths:2 | Found a one-way gate to the infinite horrors of the Abyss.
 54683 | Depths:2 | Reached skill level 20 in Invocations
 54793 | Depths:2 | Reached skill level 20 in Armour
 54917 | Depths:2 | Found a blossoming altar of Fedhas.
 55233 | Depths:2 | Found a one-way gate leading to the halls of Pandemonium.
 55753 | Depths:2 | Found a hide-covered altar of Uskayaw.
 55788 | Depths:3 | Noticed Boris
 55977 | Depths:3 | Found a corrupted altar of Lugonu.
 56128 | Depths:3 | Reached XP level 27. HP: 224/224 MP: 37/37
 56479 | Depths:4 | Entered Level 4 of the Depths
 57073 | Vaults:4 | You paid a toll of +3 gold dragon scales to enter a
                  | treasure trove
 57074 | Trove    | Entered a treasure trove
 57104 | Trove    | Identified the ring "Vutuewka" {rElec Int+6}
 57107 | Trove    | Identified the ring "Fobru" {rCorr Int+5}
 57566 | Depths:4 | Killed Boris
 57656 | Depths:4 | Noticed Margery
 57672 | Depths:4 | Killed Margery
 57780 | Depths:4 | Found a gate to the Realm of Zot.
 57984 | Depths:4 | Reached skill level 21 in Shields
 58066 | Depths:4 | Identified the +7 halberd "Luedycs" {venom, Dex+3}
 58546 | Vaults:5 | Entered Level 5 of the Vaults
 58554 | Vaults:5 | Reached skill level 21 in Invocations
 58900 | Vaults:5 | Noticed a dread lich
 58908 | Vaults:5 | Reached skill level 21 in Armour
 58914 | Vaults:5 | Killed a dread lich
 58915 | Vaults:5 | Reached skill level 21 in Fighting
 59088 | Vaults:5 | Got a silver rune of Zot
 59655 | Vaults:5 | Identified the +0 leather armour "Veutade" {rCorr}
 59672 | Vaults:5 | Noticed an ancient lich
 59681 | Vaults:5 | Killed an ancient lich
 59685 | Vaults:5 | Identified the +9 sling "Yzehudoucos" {speed, rC+ Dex-2
                  | Stlth+}
 59700 | Vaults:5 | Identified the +1 tower shield of Wita {Str+3}
 59712 | Vaults:5 | Reached skill level 22 in Shields
 59714 | Vaults:5 | Identified the +0 quarterstaff "Desm" {heavy, rF+ rC+}
 59829 | Vaults:5 | Identified the +9 quarterstaff of Ittusisch {speed, Will+
                  | SInv}
 60093 | Vaults:5 | Reached skill level 22 in Invocations
 60281 | Vaults:5 | Found Soamel Eromn's Antique Armour Boutique.
 60281 | Vaults:5 | Found the +5 scythe "Finisher" {speed, execute}
 60302 | Vaults:5 | Identified the +7 falchion of the Winnowing Jester {freeze,
                  | rElec rN+}
 60304 | Vaults:5 | Bought an embroidered cloak for 240 gold pieces
 60329 | Vaults:5 | Identified the +0 buckler of the Slightly Bent {Rampage
                  | rPois}
 61161 | Zot:1    | Entered Level 1 of the Realm of Zot
 61530 | Zot:1    | Reached skill level 22 in Armour
 61690 | Zot:1    | Reached skill level 22 in Fighting
 62245 | Zot:1    | Reached skill level 23 in Shields
 62872 | Zot:1    | Noticed a Killer Klown
 62878 | Zot:1    | Killed a Killer Klown
 63445 | Zot:3    | Reached skill level 23 in Invocations
 64141 | Zot:4    | Identified the +2 orcbow of Sulphur {freeze, rElec Will+
                  | Str-3 Int+3}
 64848 | Zot:5    | Entered Level 5 of the Realm of Zot
 64885 | Zot:5    | Reached skill level 24 in Shields
 64970 | Zot:5    | Reached skill level 23 in Armour
 65361 | Zot:5    | Reached skill level 23 in Fighting
 65433 | Zot:5    | Noticed a dread lich
 65452 | Zot:5    | Killed a dread lich
 65905 | Zot:5    | Noticed a dread lich
 65909 | Zot:5    | Noticed an orb of fire
 65910 | Zot:5    | Killed a dread lich
 65919 | Zot:5    | Noticed a dread lich
 65920 | Zot:5    | Noticed an orb of fire
 65921 | Zot:5    | Killed an orb of fire
 65929 | Zot:5    | Gained mutation: Potions are less effective at restoring
                  | your health. [an orb of fire]
 65932 | Zot:5    | Noticed a Killer Klown
 65933 | Zot:5    | Noticed an orb of fire
 65936 | Zot:5    | Killed an orb of fire
 65939 | Zot:5    | Noticed an orb of fire
 65941 | Zot:5    | Killed a Killer Klown
 65944 | Zot:5    | Noticed an orb of fire
 65948 | Zot:5    | HP: 9/235 [orb of fire/bolt of fire (5)]
 65949 | Zot:5    | Gained mutation: You occasionally shout uncontrollably at
                  | your foes. [an orb of fire]
 65949 | Zot:5    | HP: 4/235 [orb of fire/bolt of fire (4)]
 65950 | Zot:5    | Gained mutation: Your magical capacity is low. (-10% MP)
                  | [an orb of fire]
 65951 | Zot:5    | Gained mutation: Your magical capacity is very low. (-20%
                  | MP) [an orb of fire]
 65952 | Zot:5    | Gained mutation: Your magical capacity is extremely low.
                  | (-30% MP) [an orb of fire]
 65953 | Zot:5    | Gained mutation: You are dopey. (Int -2) [an orb of fire]
 65953 | Zot:5    | Gained mutation: Armour fits poorly on your strangely
                  | shaped body. [an orb of fire]
 65956 | Zot:5    | Gained mutation: You are weak. (Str -2) [an orb of fire]
 65961 | Zot:5    | Lost mutation: You are weak. (Str -2) [an orb of fire]
 65970 | Zot:5    | HP: 11/235 [orb of fire/bolt of fire (2)]
 65971 | Zot:5    | Killed an orb of fire
 65971 | Zot:5    | HP: 5/235 [orb of fire/bolt of fire (7)]
 65976 | Zot:5    | HP: 10/235 [orb of fire/fireball (11)]
 65976 | Zot:5    | Gained mutation: You are strong-willed. (Will+) [an orb of
                  | fire]
 65977 | Zot:5    | HP: 3/235 [orb of fire/fireball (9)]
 65977 | Zot:5    | Noticed a Killer Klown
 65978 | Zot:5    | HP: 1/235 [electric golem (4)]
 65978 | Zot:5    | Slain by an electric golem

Illustrated notes

Levels and vault maps discovered:
D:1:      dpeg_arrival_arbitrary_c, layout_basic
D:2:      layout_basic, serial_shops, nicolae_shop_gaudy_bauble, basic_altar
D:3:      wander_river, layout_basic, minitemple,
          nicolae_overflow_hidden_temple, serial_shops, shop_statue,
          nicolae_figureground_sparkle, uniq_terence
D:4:      layout_loops_ring
D:5:      layout_loops_ring
D:6:      layout_rooms, temple_green, uniq_grinder
D:7:      layout_cave_pools, mainiacjoe_overflow_paths, uniq_maurice,
          uniq_duvessa
D:8:      layout_loops_ring, elyvilon_altar_4,
          hangedman_abyss_or_decor_lesser_grid, chequers_serial_rivers_micro_e,
          serial_bayou_pond_e
D:9:      hellmonk_destroyed_diamonds, layout_long_grid,
          erik_lair_orcish_takeover, minmay_misc_feat_roman
D:10:     layout_loops_ring
D:11:     nzn_winding_woodlands_small [nzn_winding_woodlands_5x15_zeroes,
          nzn_winding_woodlands_center_triple_pond,
          nzn_winding_woodlands_5x15_twine], layout_grid_maze, serial_shops,
          shop, minivault_13
D:12:     layout_roguey, orc_0_dummy, minivault_5, evilmike_minifort
D:13:     layout_basic, hellmonk_vaults_keyhole, gammafunk_ghost_cemetery,
          uniq_urug
D:14:     layout_loops_ring, cheibrodos_ashenzari_chains,
          nicolae_diode_intersection, uniq_azrael
D:15:     vault_1, layout_stronghold, grunt_decor_one_mirror, uniq_roxanne
Temple:   nicolae_temple_no_exploring_needed
Lair:1:   layout_chaotic_city, beast_lair_carwin_7, serial_bayou_shore_a,
          infiniplex_staircase_pool
Lair:2:   layout_small_grid, nicolae_spider_entry_orb_guardian,
          portal_ice_cave_rime, hellmonk_ghost_happy_afterlife
Lair:3:   layout_regular_city, mainiacjoe_shoals_entry_four_pools,
          enter_volcano_2, serial_bayou_pond_d, dreamdust_mushroom_princess,
          nicolae_lair_run_with_the_wolves
Lair:4:   regret_index_tunnel_blossom, layout_gridlike
Lair:5:   due_jungle_book, layout_cave_pods, slime_entry_2, serial_forest,
          infiniplex_forest_lined_2, infiniplex_forest_straight_2,
          infiniplex_forest_clump_cross, infiniplex_forest_clump_curved,
          infiniplex_forest_lined_room_2, lemuel_old_faithful
Shoals:1: cheibrodos_shoals_baths, layout_shoals, lightli_airlock, uniq_nikola
Shoals:2: layout_shoals
Shoals:3: layout_shoals, nicolae_shoals_land_atoll,
          nicolae_shoals_lost_giant_amphitheater, uniq_ilsuiw, uniq_polyphemus,
          uniq_bai_suzhen
Shoals:4: shoals_end_hangedman, layout_shoals, serial_shops,
          nicolae_shop_statue_plus, nicolae_shop_peninsula
Spider:1: layout_spider_delve, hangedman_spider_tarantella_strand
Spider:2: layout_spider_delve, lemuel_hornet_nest
Spider:3: layout_spider_delve, drop_trap
Spider:4: floodkiller_spider_rune_tomb, gammafunk_ghost_necromancy,
          nicolae_spider_nook, uniq_mara
Orc:1:    layout_diamond_mine
Orc:2:    st_orc_open, layout_diamond_mine, basic_altar,
          nicolae_shop_firing_range
Elf:1:    layout_geoelf_grid, ebering_ghost_gozag,
          portal_desolation_entry_garden, minmay_elf_crystal_hexagon
Elf:2:    elven_hall_of_blades_hangedman_alternative
          [nicolae_blade_entry_area_security], layout_loops_corners,
          serial_glass, glass_columns_a, glass_columns_b, glass_columns_b,
          feat_on_display, item_on_display_a, uniq_zenata
Elf:3:    elf_hall, layout_loops_corners, basic_altar, serial_shops,
          nicolae_shop_tiny_real_fake_doors, roderic_three_in_a_row, uniq_boris
Vaults:1: vaults_standard_mumra_lines, nicolae_vaults_taking_the_gang_shopping,
          v_misc_3, serial_library_hellmonk_angled_corner,
          nicolae_vaults_mitosis, v_rooms_2, vaults_room_semicircle,
          vaults_mumra_minichess, layout_vaults_big_room
Vaults:2: v_misc_14, vaults_mumra_lcd, nicolae_vaults_offset_grid_hallway_2,
          nicolae_vaults_shipping_containers_5,
          nicolae_vaults_trapezoid_lopsided_3, vaults_mumra_minichess_inversion,
          nicolae_vaults_tangram_1, hangedman_vaults_maws,
          ontoclasm_vaults_shuriken, nicolae_vaults_trapezoid_lopsided_1,
          layout_vaults_quadrants
Vaults:3: v_misc_29, nicolae_vaults_network_square,
          nicolae_vaults_tetromino_Z_2, nicolae_vaults_angled_halls,
          grunt_vaults_trifunnel, nicolae_vaults_triangles,
          minmay_crypt_entry_simple_plaza, vaults_room_fours,
          nicolae_vaults_closet_pinwheel_4, ontoclasm_vaults_ligature,
          nicolae_vaults_storage_room_statues, layout_vaults_ring, serial_shops,
          nicolae_shop_waterfront, nicolae_shop_behind_doors, shop, shop,
          nicolae_shop_waterfront
Vaults:4: nicolae_vaults_halls_meeting, v_rooms_1, nicolae_vaults_two_Ls,
          nicolae_vaults_house_3, vaults_mumra_chevron, v_misc_30,
          nicolae_vaults_asterisk, vaults_dpeg_diagonal, v_misc_2,
          nicolae_vaults_apartment_1, vaults_room_pool,
          nicolae_vaults_little_ls, layout_vaults_omnibox, enter_trove_1,
          uniq_sojobo
Vaults:5: serial_shops
Crypt:1:  layout_chaotic_city, grunt_megastairs_4
Crypt:2:  layout_catacombs, grunt_ministairs_12
Crypt:3:  church_of_pain_bobbens, layout_chaotic_city, tomb_entry_shell_bobbens,
          infiniplex_enter_wizlab_glasses, lemuel_freeze_loot_1, uniq_frederick,
          uniq_josephina, uniq_vv
Depths:1: layout_gridlike, enter_ziggurat_e, cheibriados_altar_1,
          nicolae_hell_entry_big_baal_hell, serial_bayou_lagoon_a, drop_trap,
          nicolae_yredelemnul_corpse_copse
Depths:2: regret_index_uskayaw_diablada_macabre, layout_honeycomb,
          grunt_pan_entry_in_and_out, fedhas_altar_4,
          nicolae_abyss_entry_one_way_or_another, grunt_hell_entry_dis_mu,
          serial_bayou_shore_b
Depths:3: grunt_bruiser_brothers, layout_cave_pools, hell_entry,
          abyss_entry_flame_altar, minmay_crystal_water,
          infiniplex_staircase_zigzag_4, firewood_loft
Depths:4: evilmike_zot_entry_diamond, layout_cave_pools,
          chequers_serial_rivers_marsh, grunt_mini_vestibule, uniq_margery
Zot:1:    circus_mu, layout_misc_corridors, regret_index_zotdec_wing_it
Zot:2:    layout_onion, grunt_megastairs_1
Zot:3:    layout_basic, hangedman_zot_decor_tridents
Zot:4:    layout_misc_corridors, regret_index_zotdec_plus
Zot:5:    layout_onion

Skill      XL: |  1  2  3  4  5  6  7  8  9 10 11 12 13 14 15 16 17 18 19 20 21 22 23 24 25 26 27 |
---------------+----------------------------------------------------------------------------------+-----
Fighting       | 2 3 4 5 6 7 8 9 10 12 13 14 15 16 17 18 19 20 23 | 23.3
Polearms       | 1 3 4 5 7 9 11 12 14 15 17 20 21 22 23 24 25 26 27 | 27.0
Armour         | 1 3 4 5 7 8 10 11 12 13 14 15 16 17 18 20 23 | 23.3
Invocations    | 1 4 6 8 10 12 14 15 17 18 20 23 | 23.9
Evocations     | 1 4 6 7 9 10 | 10.0
Shields        | 5 6 9 12 14 15 17 19 20 24 | 24.5
Dodging        | 2 5 6 7 8 9 10 | 10.0
Staves         | 2 |  2.0
Unarmed Combat | |  3.0
Shapeshifting  | |  3.2

Action                     |  1- 3 |  4- 6 |  7- 9 | 10-12 | 13-15 | 16-18 | 19-21 | 22-24 | 25-27 || total
---------------------------+-------+-------+-------+-------+-------+-------+-------+-------+-------++-------
  Melee: Unarmed           |    33 |       |       |       |       |       |       |       |       ||    33
         Mace              |    27 |     5 |       |       |       |       |       |       |       ||    32
         Spear             |       |   104 |   197 |       |       |       |       |       |       ||   301
         Punch             |       |     1 |     5 |     6 |       |       |       |       |       ||    12
         Trident           |       |       |   149 |   952 |   507 |       |       |       |       ||  1608
         Glaive            |       |       |       |       |   791 |  1262 |    71 |       |       ||  2124
         Lajatang          |       |       |       |       |       |    58 |       |       |       ||    58
         Lochaber axe      |       |       |       |       |       |       |   894 |   938 |  1546 ||  3378
         Scythe            |       |       |       |       |       |       |       |       |   191 ||   191
  Throw: Dart              |       |       |     3 |       |    12 |       |       |       |       ||    15
 Invoke: Divine Shield     |       |       |       |     3 |    10 |     5 |     7 |     3 |     9 ||    37
         Cleansing Flame   |       |       |       |       |     3 |    22 |     6 |     1 |    12 ||    44
         Summon Divine War |       |       |       |       |       |     1 |     6 |     1 |    11 ||    19
Ability: Begin Untransform |       |       |     1 |       |       |       |       |       |       ||     1
         Dig               |       |       |       |     2 |     1 |     4 |       |     4 |     2 ||    13
  Evoke: Wand              |       |       |     1 |     3 |       |       |     6 |       |       ||    10
         Lightning rod     |       |       |       |       |       |     3 |       |       |       ||     3
         Phantom mirror    |       |       |       |       |       |       |       |       |     1 ||     1
    Use: Scroll            |       |     1 |     3 |     6 |    10 |     9 |     4 |     8 |    18 ||    59
         Potion            |       |       |     1 |     1 |       |     4 |     3 |       |    28 ||    37
   Stab: Sleeping          |     1 |       |       |       |       |       |       |       |       ||     1
 Armour: Animal skin       |    13 |       |       |       |       |       |       |       |       ||    13
         Ring mail         |    21 |    39 |    23 |       |       |       |       |       |       ||    83
         Chain mail        |       |       |   139 |   550 |   219 |       |       |       |       ||   908
         Fire dragon scale |       |       |       |       |    20 |       |       |       |       ||    20
         Plate armour      |       |       |       |       |   565 |   819 |    53 |       |       ||  1437
         Storm dragon scal |       |       |       |       |       |       |   526 |   298 |   778 ||  1602
  Dodge: Dodged            |    30 |    36 |   133 |   296 |   243 |   296 |   226 |   111 |   315 ||  1686
  Block: Kite shield       |       |       |       |   147 |       |   532 |   558 |   379 |   808 ||  2424
         Buckler           |       |       |       |    29 |   510 |   139 |       |       |       ||   678

Table legend:
 A = Kills in this place as a percentage of kills in the entire game.
 B = Kills by you in this place as a percentage of kills by you in the entire game.
 C = Kills by friends in this place as a percentage of kills by friends in the entire game.
 D = Other kills in this place as a percentage of other kills in the entire game.
 E = Experience gained in this place as a percentage of experience gained in the entire game.
 F = Experience gained in this place divided by the number of levels of this place that you have seen.
                   A       B       C       D       E      F
               +-------+-------+-------+-------+-------+----------------------
         Total | 100.0 | 100.0 | 100.0 | 100.0 | 100.0 | 24447.6
       Dungeon |  14.7 |  15.3 |   1.8 |   0.0 |   5.6 | 5572.3
          Lair |   9.8 |  10.2 |   0.0 |   0.0 |   5.0 | 15003.2
        Shoals |   7.1 |   6.8 |  12.7 |   0.0 |   6.7 | 25026.8
   Spider Nest |  11.1 |  10.7 |  21.8 |   0.0 |   8.5 | 31564.5
  Orcish Mines |   4.7 |   4.8 |   3.6 |   0.0 |   1.7 | 12761.5
   Elven Halls |   6.1 |   6.1 |   8.2 |   0.0 |   8.0 | 39886.7
        Vaults |  14.5 |  14.9 |   3.6 |  66.7 |  21.5 | 64060.8
         Crypt |   9.7 |   9.3 |  19.1 |   0.0 |   9.6 | 47920.0
        Depths |   6.1 |   6.3 |   2.7 |   0.0 |   9.3 | 34713.2
           Zot |   6.8 |   6.9 |   3.6 |   0.0 |  15.3 | 45582.2
      Ziggurat |   1.0 |   1.0 |   0.0 |  33.3 |   1.4 | 4045.6
      Ice Cave |   1.4 |   1.5 |   0.0 |   0.0 |   0.6 | 8650.0
       Volcano |   0.2 |   0.2 |   0.0 |   0.0 |   0.1 | 2220.0
        Wizlab |   1.4 |   1.4 |   0.9 |   0.0 |   2.1 | 31754.0
    Desolation |   5.4 |   4.7 |  21.8 |   0.0 |   4.5 | 67473.0
               +-------+-------+-------+-------+-------+----------------------

Table legend: (Time is in decaauts)
 A = Elapsed time spent in this place.
 B = Non-inter-level travel time spent in this place.
 C = Inter-level travel time spent in this place.
 D = Time resting spent in this place.
 E = Time spent auto-exploring this place.
 F = Levels seen in this place.
 G = Mean time per level.
                   A        B        C        D        E       F      G
               +--------+--------+--------+--------+--------+-----+--------+
         Total |  64726 |  58433 |   6293 |   7065 |  37402 |  61 | 1061.1 |
       Dungeon |  17181 |  14450 |   2731 |   1675 |   9824 |  15 | 1145.4 |
        Temple |     12 |      2 |     10 |      0 |      0 |   1 |   12.0 |
          Lair |   6738 |   6103 |    635 |    258 |   3933 |   5 | 1347.6 |
        Shoals |   4302 |   4175 |    127 |    178 |   2954 |   4 | 1075.5 |
   Spider Nest |   5420 |   5097 |    323 |    474 |   3460 |   4 | 1355.0 |
  Orcish Mines |   2172 |   1762 |    410 |    311 |    969 |   2 | 1086.0 |
   Elven Halls |   5011 |   4867 |    144 |   1255 |   2654 |   3 | 1670.3 |
        Vaults |   7805 |   6872 |    933 |    689 |   4774 |   5 | 1561.0 |
         Crypt |   3404 |   3165 |    239 |    169 |   2233 |   3 | 1134.7 |
        Depths |   4176 |   3517 |    659 |    152 |   2725 |   4 | 1044.0 |
           Zot |   4590 |   4512 |     78 |    878 |   2739 |   5 |  918.0 |
      Ziggurat |    313 |    313 |      0 |    185 |      0 |   5 |   62.6 |
         Trove |     52 |     52 |      0 |      0 |      0 |   1 |   52.0 |
      Ice Cave |   1350 |   1350 |      0 |    629 |     12 |   1 | 1350.0 |
       Volcano |    298 |    298 |      0 |      0 |    158 |   1 |  298.0 |
        Wizlab |    515 |    515 |      0 |    207 |     64 |   1 |  515.0 |
    Desolation |   1381 |   1381 |      0 |      2 |    900 |   1 | 1381.0 |
               +--------+--------+--------+--------+--------+-----+--------+

Top non-repeatable levels by time:
   Elf:3: 2143 daAuts
    D:15: 2142 daAuts
   Elf:2: 1884 daAuts
Vaults:5: 1877 daAuts
Spider:3: 1701 daAuts
   Zot:1: 1656 daAuts
Vaults:3: 1635 daAuts
  Lair:5: 1629 daAuts
Spider:2: 1554 daAuts
  Lair:4: 1547 daAuts
Vaults:4: 1547 daAuts
Shoals:1: 1464 daAuts
Vaults:2: 1455 daAuts
Depths:3: 1406 daAuts
Desolation: 1381 daAuts
